Match 46702176
Unlisted

Match 46702176
End
Vickers Machine Gun Team
Vickers Machine Gun Team
Construct Section Command Post
Infantry Section
Grenade Package
Selects Air and Sea Battlegroup
Selects Supply Surplus
Construct Field Infirmary
Construct Platoon Command Post
Forward Retreat Point
Unlock Bishop Self-propelled Artillery
Bishop Self-propelled Artillery
Royal Engineer Section
6-pounder Anti-tank Gun Team
Construct Field Infirmary
Forward Retreat Point
Selects Commando Section Paradrop
Selects M1 Pack Howitzer Paradrop
Selects UNKNOWN (223837)
Construct Company Command Post
Centaur IV Medium Tank
Royal Engineer Section
Selects Anti-tank Rocket Loiter
Commando Section Paradrop
Centaur IV Medium Tank
Salva99
CPU-EXPERT
Sad Pepe
gio_misro
0
0

Comments sign in to comment!

No comments posted yet!